HSSL
BUTLER HS GOLDEN TORNADO @ BILLINGS WEST HS GOLDEN BEARS
04/02/2028
 
TOP OF THE 1ST
Butler HS Golden Tornado batting - Pitching for Billings West HS Golden Bears : LHP Jesús Barrera
Pitching: LHP Jesús Barrera
Batting: RHB Nick Washington 0-0: Single, Error in OF, E7, batter to second base
Batting: RHB Victor Frank 0-0: Ball
1-0: Called Strike
1-1: Foul Ball, location: 2F
1-2: Fly out, F8 (Line Drive, 8LM)
Batting: LHB Francisco Sousa 0-0: Fly out, F6 (Line Drive, 6M)
Batting: RHB Luis Mota 0-0: Called Strike
0-1: Foul Ball, location: 2F
0-2: Strikes out looking
Top of the 1st over - 0 run(s), 1 hit(s), 1 error(s), 1 left on base; Butler HS 0 - Billings West HS 0
BOTTOM OF THE 1ST
Billings West HS Golden Bears batting - Pitching for Butler HS Golden Tornado : LHP Bryan Baker
Pitching: LHP Bryan Baker
Batting: SHB Christian Goodwin 0-0: Ball
1-0: Foul Ball, location: 2F
1-1: Foul Ball, location: 2F
1-2: Foul Ball, location: 2F
1-2: Ground out 5-3 (Groundball, 5S)
Batting: LHB Alberto Pérez 0-0: Called Strike
0-1: Ball
1-1: Called Strike
1-2: Strikes out swinging
Batting: LHB Jeremy Thompson 0-0: Called Strike
0-1: Fly out, F9 (Flyball, 9D)
Bottom of the 1st over - 0 run(s), 0 hit(s), 0 error(s), 0 left on base; Butler HS 0 - Billings West HS 0
TOP OF THE 2ND
Butler HS Golden Tornado batting - Pitching for Billings West HS Golden Bears : LHP Jesús Barrera
Batting: RHB Blake Carpenter 0-0: Foul Ball, location: 2F
0-1: Called Strike
0-2: Ball
1-2: Foul Ball, location: 2F
1-2: Foul Ball, location: 2F
1-2: Fly out, F8 (Flyball, 8LM)
Batting: RHB Ernie Saunders 0-0: Ground out 5-3 (Groundball, 56S)
Batting: RHB Matt McDonald 0-0: Ball
1-0: Fly out, F4 (Popup, 4)
Top of the 2nd over - 0 run(s), 0 hit(s), 0 error(s), 0 left on base; Butler HS 0 - Billings West HS 0
BOTTOM OF THE 2ND
Billings West HS Golden Bears batting - Pitching for Butler HS Golden Tornado : LHP Bryan Baker
Batting: RHB Larry Olson 0-0: Swinging Strike
0-1: Foul Ball, location: 2F
0-2: Strikes out looking
Batting: LHB Carter Coleman 0-0: Ground out U3 (Groundball, 3)
Batting: RHB Rod Zamora 0-0: Ball
1-0: Ball
2-0: Ball
3-0: Called Strike
3-1: Base on Balls
Batting: SHB Mike Hooper 0-0: Ball
Wild Pitch!
Rod Zamora to second
1-0: Ball
2-0: Foul Ball, location: 2F
2-1: Called Strike
2-2: Ball
3-2: Strikes out swinging
Bottom of the 2nd over - 0 run(s), 0 hit(s), 0 error(s), 1 left on base; Butler HS 0 - Billings West HS 0
TOP OF THE 3RD
Butler HS Golden Tornado batting - Pitching for Billings West HS Golden Bears : LHP Jesús Barrera
Batting: RHB Tom Copeland 0-0: Called Strike
0-1: Called Strike
0-2: Ball
1-2: Ball
2-2: Foul Ball, location: 2F
2-2: Foul Ball, location: 2F
2-2: Foul Ball, location: 2F
2-2: Strikes out swinging
Batting: RHB David Gibson 0-0: Foul Ball, location: 2F
0-1: Ball
1-1: Swinging Strike
1-2: Ball
2-2: Ball
3-2: Foul Ball, location: 2F
3-2: Foul Ball, location: 2F
3-2: SINGLE (Groundball, 56D)
Batting: RHB Nick Washington 0-0: Ball
1-0: Fly out, F7 (Line Drive, 7D)
Batting: RHB Victor Frank 0-0: Called Strike
0-1: Ball
1-1: Ball
2-1: Foul Ball, location: 2F
2-2: Ball
3-2: Ground out 4-3 (Groundball, 4)
Top of the 3rd over - 0 run(s), 1 hit(s), 0 error(s), 1 left on base; Butler HS 0 - Billings West HS 0
BOTTOM OF THE 3RD
Billings West HS Golden Bears batting - Pitching for Butler HS Golden Tornado : LHP Bryan Baker
Batting: RHB Eric Dodd 0-0: Ball
1-0: Ball
2-0: Foul Ball, location: 2F
2-1: Swinging Strike
2-2: Foul Ball, location: 2F
2-2: Strikes out looking
Batting: RHB Lawrence Pérez 0-0: Ball
1-0: Ball
2-0: Called Strike
2-1: Foul Ball, location: 2F
2-2: Ball
3-2: Base on Balls
Batting: SHB Christian Goodwin 0-0: Ball
1-0: Foul Ball, location: 2F
1-1: Swinging Strike
1-2: Reached on error, E6 (Groundball, 6)
Lawrence Pérez to second
Batting: LHB Alberto Pérez 0-0: Grounds into double play, 3-6-3 (Groundball, 34)
Bottom of the 3rd over - 0 run(s), 0 hit(s), 1 error(s), 1 left on base; Butler HS 0 - Billings West HS 0
TOP OF THE 4TH
Butler HS Golden Tornado batting - Pitching for Billings West HS Golden Bears : LHP Jesús Barrera
Batting: LHB Francisco Sousa 0-0: TRIPLE (Flyball, 8LD)
Batting: RHB Luis Mota 0-0: Ball
1-0: SINGLE (Line Drive, 56)
Francisco Sousa scores
Batting: RHB Blake Carpenter 0-0: Ball
1-0: Called Strike
1-1: Foul Ball, location: 2F
1-2: Grounds into double play, 5-4-3 (Groundball, 56)
Batting: RHB Ernie Saunders 0-0: Foul Ball, location: 2F
0-1: Swinging Strike
0-2: Foul Ball, location: 2F
0-2: Ball
1-2: Strikes out swinging
Top of the 4th over - 1 run(s), 2 hit(s), 0 error(s), 0 left on base; Butler HS 1 - Billings West HS 0
BOTTOM OF THE 4TH
Billings West HS Golden Bears batting - Pitching for Butler HS Golden Tornado : LHP Bryan Baker
Batting: LHB Jeremy Thompson 0-0: Ball
1-0: Ball
2-0: Reached on error, E6 (Groundball, 6M)
Batting: RHB Larry Olson 0-0: Ball
1-0: Foul Ball, location: 2F
1-1: Ball
2-1: Reached on error, E4 (Groundball, 4)
Jeremy Thompson to third
Batting: LHB Carter Coleman 0-0: Called Strike
0-1: Swinging Strike
0-2: Ball
1-2: Ball
2-2: Ball
3-2: Fly out, F6 (Popup, 4MD)
Batting: RHB Rod Zamora 0-0: Ball
1-0: Called Strike
1-1: Grounds into double play, 6-4-3 (Groundball, 56)
Bottom of the 4th over - 0 run(s), 0 hit(s), 2 error(s), 1 left on base; Butler HS 1 - Billings West HS 0
TOP OF THE 5TH
Butler HS Golden Tornado batting - Pitching for Billings West HS Golden Bears : LHP Jesús Barrera
Batting: RHB Matt McDonald 0-0: Called Strike
0-1: Ball
1-1: SINGLE (Groundball, 34D)
Batting: RHB Tom Copeland 0-0: Ball
1-0: Ball
2-0: Foul Ball, location: 2F
2-1: Called Strike
2-2: Foul Ball, location: 2F
2-2: Fielders Choice at 2nd, 1-6 (Groundball, 13)
Batting: RHB David Gibson 0-0: Ball
1-0: Swinging Strike
1-1: SINGLE (Line Drive, 8LS)
Tom Copeland to second
Batting: RHB Nick Washington 0-0: Ball
1-0: Ball
2-0: Called Strike
2-1: Ball
3-1: Foul Ball, location: 2F
3-2: Base on Balls
Tom Copeland to third
David Gibson to second
Batting: RHB Victor Frank 0-0: Called Strike
0-1: Ball
1-1: Fly out, F8 (Flyball, 8LM)
Runner from 3rd tags up, SCORES, no throw
Batting: LHB Francisco Sousa 0-0: Called Strike
0-1: Fly out, F9 (Flyball, 89M)
Top of the 5th over - 1 run(s), 2 hit(s), 0 error(s), 2 left on base; Butler HS 2 - Billings West HS 0
BOTTOM OF THE 5TH
Billings West HS Golden Bears batting - Pitching for Butler HS Golden Tornado : LHP Bryan Baker
Batting: SHB Mike Hooper 0-0: Foul Ball, location: 2F
0-1: Ball
1-1: Foul Ball, location: 2F
1-2: Ball
2-2: Ball
3-2: Strikes out swinging
Batting: RHB Eric Dodd 0-0: Called Strike
0-1: Bunt missed!
0-2: Strikes out swinging
Batting: RHB Lawrence Pérez 0-0: Ball
1-0: Ball
2-0: Ball
3-0: Base on Balls
Batting: SHB Christian Goodwin 0-0: Ball
1-0: Reached on error, E5 (Groundball, 56)
Lawrence Pérez to second
Batting: LHB Alberto Pérez 0-0: Swinging Strike
0-1: Called Strike
0-2: Strikes out swinging
Bottom of the 5th over - 0 run(s), 0 hit(s), 1 error(s), 2 left on base; Butler HS 2 - Billings West HS 0
TOP OF THE 6TH
Butler HS Golden Tornado batting - Pitching for Billings West HS Golden Bears : LHP Jesús Barrera
Batting: RHB Luis Mota 0-0: Ball
1-0: Ball
2-0: Ball
3-0: Base on Balls
Pitching: RHP Terry King
Batting: RHB Blake Carpenter 0-0: Swinging Strike
0-1: Called Strike
0-2: Ball
1-2: Ball
2-2: Foul Ball, location: 2F
2-2: Strikes out swinging
Batting: RHB Ernie Saunders 0-0: Called Strike
0-1: Ball
1-1: Fielders Choice at 2nd, 1-6 (Groundball, 13S)
Batting: RHB Matt McDonald 0-0: SINGLE (Groundball, 4MD)
Ernie Saunders to second
Batting: RHB Tom Copeland 0-0: Ball
1-0: Fly out, F6 (Popup, 4M)
Top of the 6th over - 0 run(s), 1 hit(s), 0 error(s), 2 left on base; Butler HS 2 - Billings West HS 0
BOTTOM OF THE 6TH
Billings West HS Golden Bears batting - Pitching for Butler HS Golden Tornado : LHP Bryan Baker
Batting: LHB Jeremy Thompson 0-0: Foul Ball, location: 2F
0-1: Ball
1-1: Ball
2-1: Foul Ball, location: 2F
2-2: Ball
3-2: Base on Balls
Batting: RHB Larry Olson 0-0: Foul Ball, location: 2F
0-1: Foul Ball, location: 2F
0-2: Ball
1-2: Ball
2-2: Ball
3-2: Foul Ball, location: 2F
3-2: Foul Ball, location: 2F
3-2: Foul Ball, location: 2F
3-2: Foul Ball, location: 2F
3-2: SINGLE (Groundball, 56S) (infield hit)
Jeremy Thompson to second
Pitching: LHP Carlos Ramírez
Batting: LHB Carter Coleman 0-0: Ball
1-0: Ball
2-0: SINGLE (Line Drive, 5)
Jeremy Thompson to third
Larry Olson to second
Batting: RHB Rod Zamora 0-0: Fly out, F8 (Flyball, 8LS)
Runner from 3rd tags up, SCORES, no throw
Batting: SHB Mike Hooper 0-0: Ball
1-0: Called Strike
1-1: SINGLE (Groundball, 4S) (infield hit)
Larry Olson to third
Carter Coleman to second
Batting: RHB Eric Dodd 0-0: Ball
1-0: Swinging Strike
1-1: SINGLE (Groundball, 6MD)
Larry Olson scores
Carter Coleman to third
Mike Hooper to second
Batting: RHB Lawrence Pérez 0-0: Called Strike
0-1: Swinging Strike
0-2: Fly out, F7 (Flyball, 78M)
Runner from 3rd tags up, SCORES, throw made
Now in LF: Héctor Meléndez
Batting: SHB Christian Goodwin 0-0: Ball
1-0: Ball
2-0: Called Strike
2-1: SINGLE (Groundball, 6MD)
Mike Hooper to third
Eric Dodd to second
Runner from 3rd tries for Home, SAFE, no throw
Pitching: RHP Claudio García
Batting: LHB Alberto Pérez 0-0: Foul Ball, location: 2F
0-1: Called Strike
0-2: Foul Ball, location: 2F
0-2: Ball
1-2: Foul Ball, location: 2F
1-2: Foul Ball, location: 2F
1-2: Ground out U3 (Groundball, 34)
Bottom of the 6th over - 4 run(s), 5 hit(s), 0 error(s), 2 left on base; Butler HS 2 - Billings West HS 4
TOP OF THE 7TH
Butler HS Golden Tornado batting - Pitching for Billings West HS Golden Bears : RHP Terry King
Batting: RHB David Gibson 0-0: Called Strike
0-1: Called Strike
0-2: Foul Ball, location: 2F
0-2: Ball
1-2: Foul Ball, location: 2F
1-2: Ball
2-2: Foul Ball, location: 2F
2-2: Strikes out looking
Batting: RHB Héctor Meléndez 0-0: Ball
1-0: Called Strike
1-1: Ball
2-1: Swinging Strike
2-2: Strikes out swinging
Batting: RHB Victor Frank 0-0: Ground out 6-3 (Groundball, 6)
Top of the 7th over - 0 run(s), 0 hit(s), 0 error(s), 0 left on base; Butler HS 2 - Billings West HS 4
BOTTOM OF THE 7TH
Billings West HS Golden Bears batting - Pitching for Butler HS Golden Tornado : RHP Claudio García
Batting: LHB Jeremy Thompson 0-0: Ball
1-0: Ball
2-0: Foul Ball, location: 2F
2-1: Fly out, F8 (Line Drive, 8LM)
Batting: RHB Larry Olson 0-0: Foul Ball, location: 2F
0-1: Ball
1-1: Ground out 5-3 (Groundball, 5S)
Batting: LHB Carter Coleman 0-0: Ball
1-0: Ball
2-0: Ball
3-0: Called Strike
3-1: Base on Balls
Batting: RHB Rod Zamora 0-0: Called Strike
0-1: Ball
1-1: Foul Ball, location: 2F
1-2: Foul Ball, location: 2F
1-2: Ball
2-2: Fly out, F8 (Flyball, 8LM)
Bottom of the 7th over - 0 run(s), 0 hit(s), 0 error(s), 1 left on base; Butler HS 2 - Billings West HS 4
TOP OF THE 8TH
Butler HS Golden Tornado batting - Pitching for Billings West HS Golden Bears : RHP Terry King
Batting: LHB Francisco Sousa 0-0: Ball
1-0: Ball
2-0: Called Strike
2-1: Foul Ball, location: 2F
2-2: Ball
3-2: Ground out U3 (Groundball, 3)
Batting: RHB Luis Mota 0-0: Ball
1-0: Ball
2-0: Ball
3-0: Called Strike
3-1: Base on Balls
Batting: RHB Blake Carpenter 0-0: Ball
1-0: Ball
2-0: Called Strike
2-1: SINGLE (Flyball, 7LS)
Luis Mota to second
Batting: RHB Ernie Saunders 0-0: Swinging Strike
0-1: Foul Ball, location: 2F
0-2: SINGLE (Line Drive, 34D)
Luis Mota to third
Blake Carpenter to second
Runner from 3rd tries for Home, throw and OUT!
Batting: RHB Matt McDonald 0-0: Ball
1-0: Foul Ball, location: 2F
1-1: Fly out, F8 (Line Drive, 8LM)
Top of the 8th over - 0 run(s), 2 hit(s), 0 error(s), 2 left on base; Butler HS 2 - Billings West HS 4
BOTTOM OF THE 8TH
Billings West HS Golden Bears batting - Pitching for Butler HS Golden Tornado : RHP Claudio García
Batting: SHB Mike Hooper 0-0: TRIPLE (Flyball, 89M)
Batting: RHB Eric Dodd 0-0: Fly out, F9 (Flyball, 89S)
Batting: RHB Lawrence Pérez 0-0: Ball
1-0: Foul Ball, location: 2F
1-1: Called Strike
1-2: Ball
2-2: Foul Ball, location: 2F
2-2: Foul Ball, location: 2F
2-2: Ball
3-2: Base on Balls
Batting: SHB Christian Goodwin 0-0: Called Strike
Pickoff Throw to First - Error! E1
Mike Hooper scores
Lawrence Pérez to second
0-1: Foul Ball, location: 2F
0-2: Ball
1-2: Ground out 3-1 (Groundball, 34)
Lawrence Pérez to third
Batting: LHB Alberto Pérez 0-0: Ground out 6-3 (Groundball, 6)
Bottom of the 8th over - 1 run(s), 1 hit(s), 1 error(s), 1 left on base; Butler HS 2 - Billings West HS 5
TOP OF THE 9TH
Butler HS Golden Tornado batting - Pitching for Billings West HS Golden Bears : RHP Terry King
Pitching: LHP Marvin Dailey
Batting: RHB Tom Copeland 0-0: DOUBLE (Groundball, 3L)
Batting: RHB David Gibson 0-0: Fly out, F8 (Flyball, 8LM)
Batting: RHB Héctor Meléndez 0-0: SINGLE (Groundball, 34D)
Tom Copeland to third
Runner from 3rd tries for Home, SAFE, no throw
Batting: RHB Victor Frank 0-0: Ball
1-0: Foul Ball, location: 2F
1-1: Called Strike
1-2: SINGLE (Groundball, 56D)
Héctor Meléndez to second
Batting: LHB Francisco Sousa 0-0: Called Strike
0-1: Ball
1-1: Ball
2-1: Called Strike
2-2: Strikes out looking
Batting: RHB Luis Mota 0-0: Foul Ball, location: 2F
0-1: Ball
1-1: Fly out, F8 (Line Drive, 8LXD)
Top of the 9th over - 1 run(s), 3 hit(s), 0 error(s), 2 left on base; Butler HS 3 - Billings West HS 5
Tuesday, August 8th, 2017 - OOTP Baseball 17.12 Build 75